 Dungeon Crawl Stone Soup version 0.17.0-23-g0de4337 (webtiles) character file.

1830 czar the Thaumaturge (level 8, -16/46 HPs)
             Began as a Deep Elf Fire Elementalist on Nov 12, 2015.
             Was a Follower of Sif Muna.
             Demolished by an orc warrior
             ... wielding a +0 battleaxe
              (20 damage)
             ... on level 6 of the Dungeon on Nov 13, 2015.
             The game lasted 00:36:37 (6822 turns).

czar the Thaumaturge (Deep Elf Fire Elementalist)   Turns: 6822, Time: 00:36:37

Health: -16/46     AC:  4    Str:  6    XL:     8   Next: 86%
Magic:  2/22       EV: 16    Int: 22    God:    Sif Muna [*.....]
Gold:   364        SH:  0    Dex: 18    Spells: 4 memorised, 13 levels left

rFire  . . .     SeeInvis .     F - +1 dagger (speed)
rCold  . . .     Clarity  .     a - +0 robe
rNeg   . . .     SustAt   .     (no shield)
rPois  .         Gourm    .     (no helmet)
rElec  .         Spirit   .     f - +0 cloak
rCorr  .         Warding  .     w - +0 pair of gloves
rMut   +         Stasis   .     (no boots)
MR     +....                    D - amulet of resist mutation
Stlth  +++.......               s - +3 ring of dexterity
                                z - ring of protection from magic

@: about to teleport, somewhat resistant to hostile enchantments, fairly
stealthy
A: no striking features
a: Channel Energy, Renounce Religion


You were on level 6 of the Dungeon.
You worshipped Sif Muna.
Sif Muna was aware of your devotion.
You were near starving.

You visited 2 branches of the dungeon, and saw 7 of its levels.

You collected 364 gold pieces.

Inventory:

Hand Weapons
 x - a +0 dagger of speed
 F - a +1 dagger of speed (weapon)
Armour
 a - a +0 robe (worn)
 f - a +0 cloak (worn)
 w - a +0 pair of gloves (worn)
Jewellery
 o - an uncursed ring of flight
 s - a +3 ring of dexterity (right hand)
 y - an uncursed ring of ice
 z - a ring of protection from magic (left hand)
 D - an amulet of resist mutation (around neck)
Wands
 h - a wand of frost (15)
 C - a wand of draining (8)
Scrolls
 d - 4 scrolls of amnesia
 e - a scroll of immolation
 j - 2 scrolls of identify
 k - a scroll of noise {unknown}
 l - 2 scrolls of teleportation
 m - a scroll of blinking
 n - a scroll of fear {unknown}
 t - 3 scrolls of remove curse
 v - a scroll of magic mapping {unknown}
 A - a scroll of enchant weapon {unknown}
 E - a scroll of random uselessness {unknown}
Potions
 c - a potion of haste {unknown}
 g - 2 potions of brilliance
 i - a potion of curing
 p - a potion of berserk rage {unknown}
 r - a potion of heal wounds
 B - a potion of agility {unknown}
Books
 b - a book of Flames

   Spells                             Type                      Level
   a - Flame Tongue                   Conjuration/Fire             1
   b - Throw Flame                    Conjuration/Fire             2
   c - Conjure Flame                  Conjuration/Fire             3
   d - Inner Flame                    Hexes/Fire                   3
   e - Sticky Flame                   Conjuration/Fire             4
   f - Fireball                       Conjuration/Fire             5
Comestibles
 q - a meat ration
 u - 2 bread rations


   Skills:
 + Level 3.0 Fighting
 + Level 5.3 Dodging
 + Level 6.1 Stealth
 * Level 8.0 Spellcasting
 + Level 4.6 Conjurations
 * Level 6.9 Fire Magic


You had 13 spell levels left.
You knew the following spells:

 Your Spells              Type           Power        Failure   Level  Hunger
a - Flame Tongue          Conj/Fire      ####.        1%          1    None
b - Throw Flame           Conj/Fire      ####..       1%          2    None
c - Inner Flame           Hex/Fire       ###.....     8%          3    None
d - Sticky Flame          Conj/Fire      ####....     10%         4    ###....


Dungeon Overview and Level Annotations

Branches:
Dungeon (6/15)             Temple (1/1) D:4

Altars:
Ashenzari
Cheibriados
Elyvilon
Fedhas
Gozag
Kikubaaqudgha
Makhleb
Nemelex Xobeh
Okawaru
Qazlal
Ru
Sif Muna
Trog
Xom
Yredelemnul
The Shining One


Message History

You hit the orc warrior but do no damage.
The orc warrior is almost dead.
The hound closely misses you.
The orc warrior hits you with a battleaxe!
You hit the orc warrior but do no damage.
The orc warrior is almost dead.
The hound bites you.
You hit the hound but do no damage. The hound barely misses you.
The orc warrior hits you with a battleaxe!
* * * LOW HITPOINT WARNING * * *
You hit the hound.
The hound is moderately wounded.
You are near starving!
The hound bites you.
* * * LOW HITPOINT WARNING * * *
Read which item? (? for menu, Esc to quit)
As you read the scroll of teleportation, it crumbles to dust.
You feel strangely unstable. The hound closely misses you.
The orc warrior hits you with a battleaxe!!
You die...

#..#...#.# !⌠..⌠
#.##...#.# ....
#..>...#.# ...
#.#.##.#.# ....
#.#.####.# $a..⌠ #.#.#
#.##?.... #r#.# #.#[)#
#o#.# #.#)##
#@#.####.###
#h#...##.##
..###.##..# ..##
#.###.# ..! #.# #'####
##
....####.###....####.
#..........#......##..
#....####......#......
#.....o####....#


You could see an orc warrior, a hound and a quokka.

Vanquished Creatures
  Sigmund (D:3)
  The ghost of Dirtsage the Sneak, an amateur OpAs (D:3)
  A phantom (D:6)
  A black bear (D:5)
  2 sky beasts
  A centaur (D:6)
  2 ogres
  A giant frog (D:6)
  2 scorpions
  A vampire bat (D:4)
  A hound (D:4)
  4 orc wizards
  3 orc priests
  3 iguanas
  Jessica (D:3)
  5 worker ants
  A worker ant zombie (D:5)
  5 adders
  A shadow imp (D:5)
  3 oozes
  2 adder skeletons
  2 worms
  3 fire bats (D:4)
  3 giant geckos
  12 orcs
  2 spectral bats (D:4)
  2 ball pythons
  18 bats
  A bat simulacrum (D:4)
  3 bat skeletons (D:4)
  A bat zombie (D:4)
  5 goblins
  6 hobgoblins
  7 jackals
  10 kobolds
  6 giant cockroaches
  A giant gecko skeleton (D:6)
  5 giant newts
  A jackal zombie (D:5)
  6 quokkas
  12 rats
148 creatures vanquished.

Notes
Turn   | Place    | Note
--------------------------------------------------------------
     0 | D:1      | czar the Deep Elf Fire Elementalist began the quest for the Orb.
     0 | D:1      | Reached XP level 1. HP: 10/10 MP: 6/6
   323 | D:1      | Reached XP level 2. HP: 15/15 MP: 5/8
   720 | D:2      | Learned a level 2 spell: Throw Flame
  1141 | D:2      | Reached XP level 3. HP: 19/19 MP: 6/10
  1996 | D:3      | Noticed Dirtsage's ghost (amateur OpAs)
  2033 | D:3      | Killed Dirtsage's ghost
  2033 | D:3      | Reached skill level 1 in Fighting
  2033 | D:3      | Reached skill level 4 in Spellcasting
  2033 | D:3      | Reached XP level 4. HP: 17/25 MP: 1/12
  2033 | D:3      | Reached XP level 5. HP: 19/29 MP: 1/13
  2528 | D:3      | Noticed Jessica
  2531 | D:3      | Killed Jessica
  2857 | D:3      | Reached XP level 6. HP: 34/34 MP: 7/15
  2978 | D:3      | Noticed Sigmund
  3401 | D:3      | Killed Sigmund
  3401 | D:3      | Reached skill level 5 in Spellcasting
  3401 | D:3      | Reached skill level 5 in Fire Magic
  3665 | D:3      | Learned a level 3 spell: Inner Flame
  3743 | D:4      | Noticed an ogre
  3751 | D:4      | Killed an ogre
  3751 | D:4      | Reached XP level 7. HP: 37/39 MP: 5/17
  3862 | D:4      | Found a staircase to the Ecumenical Temple.
  3880 | Temple   | Entered the Ecumenical Temple
  4106 | D:4      | Found a snail-covered altar of Cheibriados.
  4203 | D:4      | Reached skill level 6 in Spellcasting
  4597 | D:5      | Entered Level 5 of the Dungeon
  4635 | D:3      | Reached skill level 5 in Stealth
  5033 | D:5      | Reached XP level 8. HP: 38/44 MP: 0/20
  5347 | D:5      | Found a deep blue altar of Sif Muna.
  5348 | D:5      | Found a stormy altar of Qazlal.
  5367 | D:5      | Became a worshipper of Sif Muna the Loreminder
  5542 | D:5      | Reached skill level 7 in Spellcasting
  5888 | D:5      | Upgraded the game from 0.17.0-22-g5edae84 to 0.17.0-23-g0de4337
  6052 | D:6      | Found a sacrificial altar of Ru.
  6245 | D:6      | Reached skill level 5 in Dodging
  6382 | D:6      | Learned a level 4 spell: Sticky Flame
  6416 | D:6      | Reached * piety under Sif Muna
  6759 | D:6      | Reached skill level 8 in Spellcasting
  6822 | D:6      | Demolished by an orc warrior

Action                   |  1- 3 |  4- 6 |  7- 9 || total
-------------------------+-------+-------+-------++-------
Melee: Dagger            |       |       |    72 ||    72
 Cast: Flame Tongue      |    56 |    58 |   153 ||   267
       Throw Flame       |     5 |    27 |    61 ||    93
       Inner Flame       |       |       |     2 ||     2
       Sticky Flame      |       |       |     2 ||     2
  Use: Potion            |     1 |     2 |     4 ||     7
       Scroll            |       |     4 |     2 ||     6
 Stab: Sleeping          |       |       |     1 ||     1
  Eat: Bread ration      |     1 |     1 |       ||     2
       Meat ration       |       |       |     1 ||     1
       Pizza             |       |       |     2 ||     2
